 Dungeon Crawl Stone Soup version 0.28-a0-535-g6f645e4c1d (webtiles) character file.

Game seed: 16387310947803191832

6 sanka the Caller (level 1, -3/13 HPs)
             Began as a Gnoll Summoner on Sept 26, 2021.
             Slain by a kobold (4 damage)
             ... on level 1 of the Dungeon.
             The game lasted 00:00:23 (283 turns).

sanka the Caller (Gnoll Summoner)                    Turns: 283, Time: 00:00:24

Health: -3/13      AC:  2    Str:  7    XL:     1   Next: 90%
Magic:  4/6        EV: 13    Int: 14    God:
Gold:   0          SH:  0    Dex: 12    Spells: 8/9 levels left

rFire   . . .      SeeInvis .   (no weapon)
rCold   . . .      Faith    .   (no shield)
rNeg    . . .      Spirit   .   a - +0 robe
rPois   .          Reflect  .   (no helmet)
rElec   .          Harm     .   (no cloak)
rCorr   .          Rampage  .   (no gloves)
Will    .....                   (no boots)
Stlth   ++........              (no amulet)
HPRegen 0.04/turn               (no ring)
MPRegen 0.10/turn               (no ring)

@: no status effects
A: fangs 1, strong nose, distributed training
a: no special abilities


You were on level 1 of the Dungeon.
You visited 1 branch of the dungeon, and saw 1 of its levels.


Innate Abilities, Weirdness & Mutations

You have very sharp teeth.
Your uncanny sense of smell can sniff out nearby items.
Your experience applies equally to all skills.


   Skills:
 + Level 0.2 Fighting
 + Level 0.2 Short Blades
 + Level 0.2 Long Blades
 + Level 0.2 Axes
 + Level 0.2 Maces & Flails
 + Level 0.2 Polearms
 + Level 0.2 Staves
 + Level 0.2 Slings
 + Level 0.2 Bows
 + Level 0.2 Crossbows
 + Level 0.2 Throwing
 + Level 0.2 Armour
 + Level 4.4 Dodging
 + Level 4.0 Stealth
 + Level 0.2 Shields
 + Level 0.2 Unarmed Combat
 + Level 4.9 Spellcasting
 + Level 0.1 Conjurations
 + Level 0.1 Hexes
 + Level 7.0 Summonings
 + Level 0.1 Necromancy
 + Level 0.1 Translocations
 + Level 0.1 Transmutations
 + Level 0.1 Fire Magic
 + Level 0.1 Ice Magic
 + Level 0.1 Air Magic
 + Level 0.1 Earth Magic
 + Level 0.1 Poison Magic
 + Level 0.3 Invocations
 + Level 0.2 Evocations


You had 8 spell levels left.
You knew the following spells:

 Your Spells              Type           Power      Damage    Failure   Level
z - Summon Small Mammal   Summ           92%        N/A       1%          1

Your spell library contained the following spells:

 Spells                   Type           Power      Damage    Failure   Level
 Call Imp                 Summ           23%        N/A       1%          2
 Call Canine Familiar     Summ           23%        N/A       3%          3
 Summon Guardian Golem    Hex/Summ       13%        N/A       12%         3
 Summon Lightning Spire   Summ/Air       13%        N/A       36%         4

Inventory:

Armour
 a - a +0 robe (worn)
Scrolls
 b - a scroll of brand weapon {unknown}
 d - a scroll of identify {unknown}
 e - a scroll of teleportation {unknown}
Potions
 c - a potion of curing {unknown}

Dungeon Overview and Level Annotations

Branches:
Dungeon (1/15)

Altars:

▒▒▒▒▒ ▒......▒ ▒...▒ ▒......▒
▒▒▒▒...▒▒▒▒▒▒▒▒▒▒▒▒▒▒......▒▒▒
▒...................'......'..
▒.▒▒...▒▒▒▒▒▒▒▒▒▒▒▒▒▒......▒▒▒
▒...▒▒▒▒▒.......▒▒▒▒▒▒▒▒.▒▒
▒...............▒ ▒.▒▒
▒.......[.......▒▒ ▒.▒▒
▒.......†bgKb..... ▒...
▒▒▒▒▒▒▒▒.†.......▒ ▒▒▒▒
▒..........▒ ▒ ∆ ............▒
♣ ▒▒▒.....▒▒▒▒.▒ ▒....... ▒
▒▒▒▒ ∆ ▒..▒..▒▒▒ ♣... ▒..▒..▒
▒ ▒... ▒. ♣..▒▒▒


You could see a kobold (ally target) and 2 friendly bats.


Message History

Your quokka bites the bat.
The bat dies!
The bat hits you but does no damage.
Your quokka bites the bat.
The bat dies!
You see here a bat corpse.
You hit the kobold but do no damage.
The kobold hits you with a +1 dagger of speed.
Your bat hits the kobold but does no damage.
Your bat hits the kobold but does no damage.
You barely miss the kobold.
Your bat hits the kobold but does no damage.
Your bat barely misses the kobold.
The kobold hits you with a +1 dagger of speed.
* * * LOW HITPOINT WARNING * * *
The kobold hits you with a +1 dagger of speed.
* * * LOW HITPOINT WARNING * * *
You closely miss the kobold.
Your bat barely misses the kobold.
Your bat hits the kobold.
The kobold hits you with a +1 dagger of speed.
* * * LOW HITPOINT WARNING * * *
Your bat barely misses the kobold.
You hit the kobold.
The kobold is severely wounded.
Your bat hits the kobold but does no damage.
Your bat closely misses the kobold.
The kobold barely misses you.
The kobold hits you with a +1 dagger of speed.
You die...

Action                   || total
-------------------------++-------
Melee: Unarmed           ||     6
 Cast: Summon Small Mamm ||     8
Armor: Robe              ||     4
Dodge: Dodged            ||     6

Levels and vault maps discovered:
D:1:      saegor_arrival_under_anarchy, layout_basic

Notes
Turn   | Place    | Note
-------+----------+-------------------------------------------
     0 | D:1      | sanka the Gnoll Summoner began the quest for the Orb.
     0 | D:1      | Reached XP level 1. HP: 13/13 MP: 6/6
   282 | D:1      | HP: 1/13 [kobold (2)]
   283 | D:1      | Slain by a kobold

Vanquished Creatures (collateral kills)
  2 bats (D:1)
  2 endoplasms (D:1)
  A goblin (D:1)
5 creatures vanquished.
